 Dungeon Crawl Stone Soup version 0.24-a0-181-gd121a6d (webtiles) character file.

Game seed: 4151231614984936810

14 galech the Skirmisher (level 2, 6/24 HPs)
             Began as a Demonspawn Fighter on Mar 14, 2019.
             Quit the game on level 1 of the Dungeon.
             The game lasted 00:00:25 (199 turns).

galech the Skirmisher (Demonspawn Fighter)           Turns: 199, Time: 00:00:25

Health: 6/24       AC:  6    Str: 16    XL:     2   Next: 31%
Magic:  2/2        EV:  6    Int:  9    God:
Gold:   25         SH:  9    Dex: 14    Spells: 1/1 levels left

rFire    . . .     SeeInvis .   a - +0 war axe
rCold    + . .     Gourm    .   c - +0 shield
rNeg     . . .     Faith    .   b - +0 scale mail
rPois    .         Spirit   .   (no helmet)
rElec    .         Reflect  .   (no cloak)
rCorr    .         Harm     .   (no gloves)
MR       .....                  (no boots)
Stlth    +.........             (no amulet)
HPRegen  0.08/turn              e - ring of protection from cold
MPRegen  0.08/turn              (no ring)

@: no status effects
A: thin skeletal structure 1
a: no special abilities


You were on level 1 of the Dungeon.
You were not hungry.

You visited 1 branch of the dungeon, and saw 1 of its levels.

You collected 25 gold pieces.

Inventory:

Hand Weapons
 a - a +0 war axe (weapon)
Armour
 b - a +0 scale mail (worn)
 c - a +0 shield (worn)
Jewellery
 e - a ring of protection from cold (left hand)
Scrolls
 h - a scroll of amnesia {unknown}
Potions
 d - a potion of might
 g - a potion of agility {unknown}
Comestibles
 f - a ration
 i - 4 chunks of flesh


   Skills:
 + Level 3.2 Fighting
 + Level 2.0 Axes
 + Level 2.9 Armour
 + Level 2.9 Shields


You had one spell level left.
You didn't know any spells.
Your spell library was empty.

Dungeon Overview and Level Annotations

Branches:
Dungeon (1/15)

Altars:


Innate Abilities, Weirdness & Mutations

You have a somewhat thin skeletal structure. (Dex +2, Stealth)


Message History

The hobgoblin barely misses you.
You closely miss the hobgoblin. The hobgoblin closely misses you.
You hit the hobgoblin.
The hobgoblin is heavily wounded.
You block the hobgoblin's attack.
You barely miss the hobgoblin.
The hobgoblin is heavily wounded.
The hobgoblin hits you but does no damage. x2
You hit the hobgoblin.
You kill the hobgoblin!
Your Axes skill increases to level 2!
Found a glowing whip, a ration and 7 gold pieces.
Things that are here:
a cursed +0 short sword; a rat corpse x2
Butcher a rat corpse? [(y)es/(n)o/(a)ll/(q)uit/?]
You butcher the rat corpse. x2
i - 3 chunks of flesh (gained 1);
i - 4 chunks of flesh (gained 1)
Things that are here:
a cursed +0 short sword; a rat skeleton x2
Are you sure you want to abandon this character and quit the game? (Confirm with "yes".)

#.....##....#
#.....##....#
###########.....##....##
..$..........##.##.....#
.............##.##.....#
.........)...##..#.....#
.......†...............#
..?..###.).###.........#
.g.. ##@## ##.....#### ?
#%.......)#.....######
##.......##...........
#.......#..#.>.......
.............#........
###.#...#.....#........
#.#...#............##
#.##$##............#
............#


There were no monsters in sight!

Vanquished Creatures
  2 bats (D:1)
  2 goblins (D:1)
  3 hobgoblins (D:1)
  2 kobolds (D:1)
  A frilled lizard (D:1)
  2 rats (D:1)
12 creatures vanquished.

Notes
Turn   | Place    | Note
-------+----------+-------------------------------------------
     0 | D:1      | galech the Demonspawn Fighter began the quest for the Orb.
     0 | D:1      | Reached XP level 1. HP: 18/18 MP: 1/1
   173 | D:1      | Gained mutation: You have a somewhat thin skeletal
                  | structure. (Dex +2, Stealth) [demonic ancestry]
   173 | D:1      | Reached XP level 2. HP: 22/24 MP: 2/2
   199 | D:1      | Quit the game

Levels and vault maps discovered:
D:1:      minmay_arrival_checkered_box, layout_basic, minmay_three_crescents

Skill      XL: |  1  2 |
---------------+-------+-----
Axes           | 2 |  2.0
Fighting       | |  3.2
Armour         | |  2.9
Shields        | |  2.9

Action                   || total
-------------------------++-------
Melee: War axe           ||    36
Armor: Scale mail        ||    15
Dodge: Dodged            ||     4
Block: Shield            ||    24

Table legend:
 A = Non-vault XP
 B = Vault XP
 C = Vault XP percentage of total XP
 D = Non-vault monster count
 E = Vault monster count
 F = Vault count percentage of total count
                 A         B        C        D         E       F
            +---------+---------+-------+---------+---------+-------
      Total |      12 |       9 |  42.9 |       6 |       6 |  50.0
            +---------+---------+-------+---------+---------+-------
        D:1 |      12 |       9 |  42.9 |       6 |       6 |  50.0
            +---------+---------+-------+---------+---------+-------
